MLB
SEATTLE MARINERS @ TEXAS RANGERS
08/29/2019
 
TOP OF THE 1ST
Seattle Mariners batting - Pitching for Texas Rangers : RHP Yonny Chirinos
Pitching: RHP Yonny Chirinos
Batting: LHB Ben Revere 0-0: Ball
1-0: Hit by Pitch
Batting: LHB Brandon Nimmo 0-0: Ball
1-0: Swinging Strike
1-1: Ball
2-1: Reached on error, E4 (Groundball, 4, EV 87.5 MPH)
Ben Revere to second
Batting: RHB Manny Machado 0-0: Fielders Choice at 2nd, 5-4 (Groundball, 56, EV 86.9 MPH)
Ben Revere to third
Batting: RHB Brian Dozier 0-0: Ball
1-0: Fly out, F8 (Flyball, 89D, EV 85.6 MPH)
Runner from 3rd tags up, SCORES, throw by CF
Batting: RHB Willians Astudillo 0-0: Called Strike
0-1: Ball
1-1: Fielders Choice at 2nd, 6-4 (Groundball, 56, EV 106.9 MPH)
Top of the 1st over - 1 run, 0 hits, 1 error, 1 left on base; Seattle 1 - Texas 0
BOTTOM OF THE 1ST
Texas Rangers batting - Pitching for Seattle Mariners : LHP Clayton Kershaw
Pitching: LHP Clayton Kershaw
Batting: LHB Ender Inciarte 0-0: Ball
1-0: Swinging Strike
1-1: Called Strike
1-2: Foul Ball, location: 2F
1-2: Ball
2-2: Fly out, F8 (Flyball, 8LS, EV 79.4 MPH)
Batting: SHB Cesar Hernandez 0-0: Ball
1-0: SINGLE (Groundball, 4MD, EV 98.1 MPH)
Batting: LHB Bryce Harper 0-0: Called Strike
0-1: Ball
1-1: Ball
Cesar Hernandez steals 2nd base
2-1: Foul Ball, location: 2F
2-2: Ball
3-2: SINGLE (Line Drive, 4D, EV 106.9 MPH)
Cesar Hernandez to third
Runner from 3rd tries for Home, SAFE, throw by CF to home
Bryce Harper to second
Batting: RHB Wilson Ramos 0-0: Ball
1-0: Ball
2-0: Ground out 5-3 (Groundball, 5, EV 94.4 MPH)
Batting: RHB Andrelton Simmons 0-0: Ball
1-0: Foul Ball, location: 2F
1-1: Called Strike
1-2: Foul Ball, location: 2F
1-2: Strikes out looking
Bottom of the 1st over - 1 run, 2 hits, 0 errors, 1 left on base; Seattle 1 - Texas 1
TOP OF THE 2ND
Seattle Mariners batting - Pitching for Texas Rangers : RHP Yonny Chirinos
Batting: RHB Matt Kemp 0-0: Ball
1-0: Ball
2-0: Ball
3-0: Called Strike
3-1: SOLO HOME RUN (Flyball, 78XD, EV 109.4 MPH), Distance : 412 ft
Batting: LHB Rowdy Tellez 0-0: Called Strike
0-1: Foul Ball, location: 2F
0-2: Foul Ball, location: 2F
0-2: Foul Ball, location: 2F
0-2: Ground out U3 (Groundball, 3, EV 103.8 MPH)
Batting: SHB Anthony Santander 0-0: Ball
1-0: Ground out 4-3 (Groundball, 4, EV 81.3 MPH)
Batting: LHB Eric Sogard 0-0: Foul Ball, location: 2F
0-1: Ball
1-1: Swinging Strike
1-2: Foul Ball, location: 2F
1-2: Ball
2-2: SINGLE (Groundball, 3D, EV 95.0 MPH)
Batting: LHB Ben Revere 0-0: Called Strike
0-1: Called Strike
0-2: Ball
1-2: Fly out, F8 (Line Drive, 8RD, EV 90.0 MPH)
Top of the 2nd over - 1 run, 2 hits, 0 errors, 1 left on base; Seattle 2 - Texas 1
BOTTOM OF THE 2ND
Texas Rangers batting - Pitching for Seattle Mariners : LHP Clayton Kershaw
Batting: LHB Joc Pederson 0-0: Called Strike
0-1: Ball
1-1: Ball
2-1: Foul Ball, location: 2F
2-2: Strikes out swinging
Batting: LHB Eric Thames 0-0: Called Strike
0-1: Ball
1-1: Swinging Strike
1-2: SOLO HOME RUN (Flyball, 9D, EV 105.6 MPH), Distance : 369 ft
Batting: RHB Jose Osuna 0-0: Called Strike
0-1: Ball
1-1: Ball
2-1: Fly out, F4 (Popup, 4, EV 75.6 MPH)
Batting: SHB Jeimer Candelario 0-0: Ball
1-0: Called Strike
1-1: Swinging Strike
1-2: Strikes out looking
Bottom of the 2nd over - 1 run, 1 hit, 0 errors, 0 left on base; Seattle 2 - Texas 2
TOP OF THE 3RD
Seattle Mariners batting - Pitching for Texas Rangers : RHP Yonny Chirinos
Batting: LHB Brandon Nimmo 0-0: Fly out, F7 (Line Drive, 7D, EV 99.4 MPH)
Batting: RHB Manny Machado 0-0: Ball
1-0: Ball
2-0: Fly out, F9 (Flyball, 9LMF, EV 76.9 MPH)
Batting: RHB Brian Dozier 0-0: Called Strike
0-1: Ground out 5-3 (Groundball, 56, EV 98.1 MPH)
Top of the 3rd over - 0 runs, 0 hits, 0 errors, 0 left on base; Seattle 2 - Texas 2
BOTTOM OF THE 3RD
Texas Rangers batting - Pitching for Seattle Mariners : LHP Clayton Kershaw
Batting: LHB Ender Inciarte 0-0: Called Strike
0-1: Ball
1-1: Ball
2-1: Ball
3-1: DOUBLE (Line Drive, 9LM, EV 110.0 MPH)
Batting: SHB Cesar Hernandez 0-0: Fly out, F9 (Line Drive, 9D, EV 91.3 MPH)
Runner from 2nd tags up, SAFE at 3rd, no throw by RF
Batting: LHB Bryce Harper 0-0: Ball
1-0: Ball
2-0: Called Strike
2-1: Called Strike
2-2: Ball
3-2: Base on Balls
Batting: RHB Wilson Ramos 0-0: Ball
1-0: Foul Ball, location: 2F
1-1: 3-RUN HOME RUN (Flyball, 78XD, EV 100.0 MPH), Distance : 405 ft
Batting: RHB Andrelton Simmons 0-0: Ball
1-0: Foul Ball, location: 2F
1-1: Swinging Strike
1-2: Foul Ball, location: 2F
1-2: Ball
2-2: Ball
3-2: Foul Ball, location: 2F
3-2: Strikes out looking
Batting: LHB Joc Pederson 0-0: Foul Ball, location: 2F
0-1: Called Strike
0-2: Ball
1-2: Strikes out swinging
Bottom of the 3rd over - 3 runs, 2 hits, 0 errors, 0 left on base; Seattle 2 - Texas 5
TOP OF THE 4TH
Seattle Mariners batting - Pitching for Texas Rangers : RHP Yonny Chirinos
Batting: RHB Willians Astudillo 0-0: Ball
1-0: Single, Error in OF, E9, batter to second base (Groundball, 34D, EV 105.0 MPH)
Batting: RHB Matt Kemp 0-0: Ball
1-0: Foul Ball, location: 2F
1-1: Called Strike
1-2: Strikes out swinging
Batting: LHB Rowdy Tellez 0-0: Ball
1-0: Called Strike
1-1: Foul Ball, location: 2F
1-2: Ball
2-2: Foul Ball, location: 2F
2-2: Strikes out swinging
Batting: SHB Anthony Santander 0-0: Called Strike
0-1: Ball
1-1: Ball
Passed Ball!
Willians Astudillo to third
2-1: SINGLE (Groundball, 3D, EV 102.5 MPH)
Willians Astudillo scores
Batting: LHB Eric Sogard 0-0: Ball
1-0: Ball
2-0: Foul Ball, location: 2F
2-1: Foul Ball, location: 2F
2-2: Ground out 4-3 (Groundball, 4S, EV 62.5 MPH)
Top of the 4th over - 1 run, 2 hits, 1 error, 1 left on base; Seattle 3 - Texas 5
BOTTOM OF THE 4TH
Texas Rangers batting - Pitching for Seattle Mariners : LHP Clayton Kershaw
Batting: LHB Eric Thames 0-0: Called Strike
0-1: Swinging Strike
0-2: Strikes out looking
Batting: RHB Jose Osuna 0-0: Called Strike
0-1: Ball
1-1: SINGLE (Line Drive, 4M, EV 108.8 MPH)
Batting: SHB Jeimer Candelario 0-0: DOUBLE (Line Drive, 7LD, EV 106.9 MPH)
Jose Osuna to third
Pitching: RHP Jake Arrieta
Batting: LHB Ender Inciarte 0-0: Ball
1-0: Ball
2-0: Called Strike
2-1: Foul Ball, location: 2F
2-2: Foul Ball, location: 2F
2-2: Ball
3-2: Base on Balls
Batting: SHB Cesar Hernandez 0-0: Fly out, F7 (Flyball, 78D, EV 92.5 MPH)
Runner from 3rd tags up, SCORES, throw by LF
Jeimer Candelario to third
Batting: LHB Bryce Harper 0-0: Ball
1-0: Ball
2-0: Called Strike
2-1: Ball
3-1: Base on Balls
Ender Inciarte to second
Batting: RHB Wilson Ramos 0-0: Ball
1-0: Ball
2-0: Ball
3-0: SINGLE (Groundball, 6D, EV 99.4 MPH)
Jeimer Candelario scores
Ender Inciarte to third
Bryce Harper to second
Runner from 3rd tries for Home, SAFE, throw by LF to home
Batting: RHB Andrelton Simmons 0-0: Called Strike
0-1: Ball
Wild Pitch!
Bryce Harper to third
Wilson Ramos to second
1-1: Foul Ball, location: 2F
1-2: Ball
2-2: Strikes out swinging
Bottom of the 4th over - 3 runs, 3 hits, 0 errors, 2 left on base; Seattle 3 - Texas 8
TOP OF THE 5TH
Seattle Mariners batting - Pitching for Texas Rangers : RHP Yonny Chirinos
Batting: LHB Ben Revere 0-0: Ball
1-0: Ground out 5-3 (Groundball, 5S, EV 85.6 MPH)
Batting: LHB Brandon Nimmo 0-0: Foul Ball, location: 2F
0-1: Ball
1-1: Fly out, F8 (Line Drive, 8LM, EV 100.0 MPH)
Batting: RHB Manny Machado 0-0: DOUBLE (Flyball, 8RXD, EV 104.4 MPH)
Batting: RHB Brian Dozier 0-0: Foul Ball, location: 2F
0-1: Called Strike
0-2: Ground out 5-3 (Groundball, 56S, EV 90.6 MPH)
Top of the 5th over - 0 runs, 1 hit, 0 errors, 1 left on base; Seattle 3 - Texas 8
BOTTOM OF THE 5TH
Texas Rangers batting - Pitching for Seattle Mariners : RHP Jake Arrieta
Batting: LHB Joc Pederson 0-0: Ball
1-0: Called Strike
1-1: Ball
2-1: Fly out, F7 (Flyball, 7, EV 93.8 MPH)
Batting: LHB Eric Thames 0-0: Called Strike
0-1: Ball
1-1: Ball
2-1: Ball
3-1: Foul Ball, location: 2F
3-2: SINGLE (Groundball, 4MD, EV 104.4 MPH)
Batting: RHB Jose Osuna 0-0: Ball
1-0: Ball
2-0: Called Strike
2-1: DOUBLE (Line Drive, 78M, EV 108.1 MPH)
Eric Thames to third
Batting: SHB Jeimer Candelario 0-0: SINGLE (Flyball, 9S, EV 86.9 MPH)
Eric Thames scores
Jose Osuna to third
Batting: LHB Ender Inciarte 0-0: Called Strike
0-1: SINGLE (Line Drive, 8LS, EV 110.0 MPH)
Jose Osuna scores
Jeimer Candelario to second
Batting: SHB Cesar Hernandez 0-0: Called Strike
0-1: Swinging Strike
0-2: Foul Ball, location: 2F
0-2: Fly out, F5 (Popup, 15, EV 71.9 MPH)
Batting: LHB Bryce Harper 0-0: SINGLE (Groundball, 4MS, EV 63.8 MPH) (infield hit)
Jeimer Candelario to third
Ender Inciarte to second
Batting: RHB Wilson Ramos 0-0: Called Strike
0-1: Ground out 2-3 (Groundball, 15S, EV 70.0 MPH)
Bottom of the 5th over - 2 runs, 5 hits, 0 errors, 3 left on base; Seattle 3 - Texas 10
TOP OF THE 6TH
Seattle Mariners batting - Pitching for Texas Rangers : RHP Yonny Chirinos
Batting: RHB Willians Astudillo 0-0: Fly out, F9 (Flyball, 9D, EV 74.4 MPH)
Batting: RHB Matt Kemp 0-0: Fly out, F7 (Line Drive, 7, EV 107.5 MPH)
Batting: LHB Rowdy Tellez 0-0: Ball
1-0: Ground out 6-3 (Groundball, 6M, EV 83.1 MPH)
Top of the 6th over - 0 runs, 0 hits, 0 errors, 0 left on base; Seattle 3 - Texas 10
BOTTOM OF THE 6TH
Texas Rangers batting - Pitching for Seattle Mariners : RHP Jake Arrieta
Batting: RHB Andrelton Simmons 0-0: Called Strike
0-1: Foul Ball, location: 2F
0-2: Ball
1-2: Foul Ball, location: 2F
1-2: Strikes out looking
Batting: LHB Joc Pederson 0-0: Called Strike
0-1: DOUBLE (Line Drive, 78D, EV 111.3 MPH)
Pitching: RHP Arquimedes Caminero
Batting: LHB Eric Thames 0-0: Foul Ball, location: 2F
0-1: Called Strike
0-2: Strikes out swinging
Batting: RHB Jose Osuna 0-0: Called Strike
0-1: Swinging Strike
0-2: Ball
1-2: Ball
2-2: Foul Ball, location: 2F
2-2: Fly out, F2 (Popup, 23F, EV 88.1 MPH)
Bottom of the 6th over - 0 runs, 1 hit, 0 errors, 1 left on base; Seattle 3 - Texas 10
TOP OF THE 7TH
Seattle Mariners batting - Pitching for Texas Rangers : RHP Yonny Chirinos
Batting: SHB Anthony Santander 0-0: Ball
1-0: Fly out, F9 (Flyball, 9S, EV 93.1 MPH)
Batting: LHB Eric Sogard 0-0: Called Strike
0-1: Fly out, F8 (Flyball, 8LM, EV 90.0 MPH)
Batting: LHB Ben Revere 0-0: Foul Ball, location: 2F
0-1: Ground out 4-3 (Groundball, 34D, EV 101.3 MPH)
Top of the 7th over - 0 runs, 0 hits, 0 errors, 0 left on base; Seattle 3 - Texas 10
BOTTOM OF THE 7TH
Texas Rangers batting - Pitching for Seattle Mariners : RHP Arquimedes Caminero
Batting: SHB Jeimer Candelario 0-0: Ball
1-0: Called Strike
1-1: Foul Ball, location: 2F
1-2: Ball
2-2: Reached on error, E6 (Groundball, 4M, EV 94.4 MPH)
Batting: LHB Ender Inciarte 0-0: Ball
1-0: Foul Ball, location: 2F
1-1: Ball
2-1: Ball
3-1: Base on Balls
Batting: SHB Cesar Hernandez 0-0: Called Strike
0-1: Foul Ball, location: 2F
0-2: Foul Ball, location: 2F
0-2: Ball
1-2: Foul Ball, location: 2F
1-2: Foul Ball, location: 2F
1-2: Foul Ball, location: 2F
1-2: Foul Ball, location: 2F
1-2: Grounds into double play, 6-4-3 (Groundball, 56, EV 103.1 MPH)
Jeimer Candelario to third
Batting: LHB Bryce Harper 0-0: Called Strike
0-1: Ball
1-1: 2-RUN HOME RUN (Flyball, 9D, EV 103.8 MPH), Distance : 378 ft
Batting: RHB Wilson Ramos 0-0: Ball
1-0: Foul Ball, location: 2F
1-1: Ball
2-1: SINGLE (Groundball, 4MD, EV 95.0 MPH)
Batting: RHB Andrelton Simmons 0-0: Ball
1-0: Ball
2-0: Foul Ball, location: 2F
2-1: Foul Ball, location: 2F
2-2: Foul Ball, location: 2F
2-2: Foul Ball, location: 2F
2-2: Strikes out swinging
Bottom of the 7th over - 2 runs, 2 hits, 1 error, 1 left on base; Seattle 3 - Texas 12
TOP OF THE 8TH
Seattle Mariners batting - Pitching for Texas Rangers : RHP Yonny Chirinos
Batting: LHB Brandon Nimmo 0-0: Called Strike
0-1: Ball
1-1: Foul Ball, location: 2F
1-2: Ball
2-2: Ball
3-2: Foul Ball, location: 2F
3-2: Foul Ball, location: 2F
3-2: Fly out, F9 (Flyball, 9D, EV 91.9 MPH)
Pinch Hitting: RHB Jordy Mercer 0-0: Ball
1-0: Called Strike
1-1: Foul Ball, location: 2F
1-2: Ball
2-2: Ball
3-2: Base on Balls
Pitching: LHP Tim Mayza
Batting: RHB Brian Dozier 0-0: Called Strike
0-1: Ball
1-1: Foul Ball, location: 2F
1-2: Ball
2-2: Fielders Choice at 2nd, 2-6 (Groundball, 2R, EV 68.8 MPH)
Batting: RHB Willians Astudillo 0-0: Ball
1-0: Called Strike
1-1: Foul Ball, location: 2F
1-2: Foul Ball, location: 2F
1-2: DOUBLE (Line Drive, 9LS, EV 93.1 MPH)
Brian Dozier to third
Runner from 3rd tries for Home, SAFE, no throw by RF
Batting: RHB Matt Kemp 0-0: Ball
1-0: Ball
2-0: Foul Ball, location: 2F
2-1: Foul Ball, location: 2F
2-2: Ball
3-2: Fly out, F5 (Popup, 5F, EV 63.8 MPH)
Top of the 8th over - 1 run, 1 hit, 0 errors, 1 left on base; Seattle 4 - Texas 12
BOTTOM OF THE 8TH
Texas Rangers batting - Pitching for Seattle Mariners : RHP Arquimedes Caminero
Now at 3B: Brandon Dixon
Pinch Hitting: SHB Greg Allen 0-0: TRIPLE (Line Drive, 7LD, EV 107.5 MPH)
Pitching: RHP Emilio Pagan
Batting: LHB Eric Thames 0-0: Called Strike
0-1: Ball
1-1: Ground out 4-3 (Groundball, 4, EV 82.5 MPH)
Greg Allen scores
Batting: RHB Jose Osuna 0-0: Ball
1-0: Ball
2-0: Ball
3-0: Called Strike
3-1: Foul Ball, location: 2F
3-2: Base on Balls
Batting: SHB Jeimer Candelario 0-0: Ball
1-0: Ball
Wild Pitch!
Jose Osuna to second
2-0: Foul Ball, location: 2F
2-1: Foul Ball, location: 2F
2-2: Ball
3-2: Fly out, F8 (Flyball, 8LS, EV 85.0 MPH)
Batting: LHB Ender Inciarte 0-0: Ball
1-0: Called Strike
1-1: Ball
2-1: TRIPLE (Line Drive, 89XD, EV 96.9 MPH)
Jose Osuna scores
Batting: SHB Cesar Hernandez 0-0: Foul Ball, location: 2F
0-1: Foul Ball, location: 2F
0-2: Ball
1-2: Ball
2-2: SINGLE (Line Drive, 5L, EV 101.9 MPH)
Ender Inciarte scores
Batting: LHB Bryce Harper 0-0: Ball
1-0: Ball
2-0: Called Strike
2-1: Swinging Strike
2-2: Foul Ball, location: 2F
2-2: Ball
3-2: Foul Ball, location: 2F
3-2: Ground out 6-3 (Groundball, 6, EV 85.0 MPH)
Bottom of the 8th over - 3 runs, 3 hits, 0 errors, 1 left on base; Seattle 4 - Texas 15
TOP OF THE 9TH
Seattle Mariners batting - Pitching for Texas Rangers : LHP Tim Mayza
Now in LF: Greg Allen
Batting: LHB Rowdy Tellez 0-0: Ball
1-0: Foul Ball, location: 2F
1-1: Ball
2-1: Foul Ball, location: 2F
2-2: Strikes out looking
Batting: SHB Anthony Santander 0-0: Fly out, F8 (Flyball, 78XD, EV 90.6 MPH)
Batting: LHB Eric Sogard 0-0: Swinging Strike
0-1: Fly out, F8 (Flyball, 8LM, EV 82.5 MPH)
Top of the 9th over - 0 runs, 0 hits, 0 errors, 0 left on base; Seattle 4 - Texas 15
Monday, December 2nd, 2019 - OOTP Baseball 20.8 Build 73